 Dungeon Crawl Stone Soup version 0.19.0-18-g426998a (webtiles) character file.

147 HessuHobo the Sneak (level 5, 0/36 HPs)
             Began as an Octopode Assassin on Nov 12, 2016.
             Slain by an orc wizard
             ... wielding a +0 dagger
              (3 damage)
             ... on level 4 of the Dungeon.
             The game lasted 00:21:23 (3342 turns).

HessuHobo the Sneak (Octopode Assassin)             Turns: 3342, Time: 00:21:24

Health: 0/36       AC:  1    Str: 10    XL:     5   Next: 29%
Magic:  5/5        EV: 13    Int: 14    God:
Gold:   154        SH:  0    Dex: 14    Spells: 0 memorised, 4 levels left

rFire  . . .     SeeInvis .     a - +3 dagger
rCold  . . .     Gourm    .     (no shield)
rNeg   . . .     Faith    .     (helmet restricted)
rPois  .         Spirit   .     (no amulet)
rElec  .         Reflect  .     l - ring of resist corrosion
rCorr  +         Harm     .     (no ring)
MR     .....                    (no ring)
Stlth  ++++......               (no ring)
                                (no ring)
                                (no ring)
                                (no ring)
                                (no ring)

@: no status effects
A: almost no armour, stealthy swim, amphibious, 8 rings, constrict 8, camouflage
1, gelatinous body 1
a: no special abilities


You were on level 4 of the Dungeon.
You were not hungry.

You visited 1 branch of the dungeon, and saw 4 of its levels.

You collected 154 gold pieces.

Inventory:

Hand Weapons
 a - a +3 dagger (weapon)
 b - a +0 blowgun
 p - a +0 hunting sling
 v - a cursed -1 dagger
Missiles
 c - 3 poisoned needles
 d - 2 curare-tipped needles
 e - 21 bolts
 k - a throwing net (quivered)
 n - 67 stones
 o - 44 sling bullets
Magical Staves
 i - an uncursed staff of wizardry {unknown}
Jewellery
 l - a ring of resist corrosion (left tentacle)
Scrolls
 m - 2 scrolls of magic mapping
 r - a scroll of enchant armour
 s - 4 scrolls of identify
 x - a scroll of amnesia
 y - a scroll of random uselessness {unknown}
Potions
 h - a potion of haste {unknown}
 j - 2 potions of lignification
 u - a potion of flight {unknown}
 w - 4 potions of might {unknown}
Comestibles
 f - 6 bread rations
 g - a beef jerky
 q - a meat ration
 t - a royal jelly
 z - 2 chunks of flesh


   Skills:
 + Level 2.8 Fighting
 + Level 2.6 Short Blades
 + Level 2.9 Throwing
 + Level 1.4 Dodging
 + Level 7.1 Stealth


You had 4 spell levels left.
You didn't know any spells.

Dungeon Overview and Level Annotations

Branches:
Dungeon (4/15)
 Temple: D:4-7

Altars:
Ashenzari
Hepliaklqana


Innate Abilities, Weirdness & Mutations

You cannot wear most types of armour.
You are very stealthy in the water. (Stealth+)
You are amphibious.
You can wear up to eight rings at the same time.
You can use your tentacles to constrict eight enemies at once.
Your skin changes colour to match your surroundings (Stealth+).
Your rubbery body absorbs attacks. (AC +1, EV +1)


Message History

Something hits you.
You release your grip on the orc wizard.
A magic dart appears from out of thin air!
The magic dart hits you!
You hit the orc. You grab the orc. You squeeze the orc.
You kill the orc!
The orc wizard hits you with a dagger.
You hit the orc wizard. You grab the orc wizard. You squeeze the orc wizard!
The orc wizard is almost dead.
You constrict the orc wizard.
You kill the orc wizard!
Your Stealth skill increases to level 7!
You hear some strange, mumbled words.
A puff of flame appears from out of thin air!
The puff of flame hits you!
* * * LOW HITPOINT WARNING * * *
Something hits you.
* * * LOW HITPOINT WARNING * * *
You hit something but do no damage. Something hits you.
You die...

..#...# #.#.#.#####
## #######.#........
...#.......#.......
.......[......>#####
...........#<......#
(......)...#........
...........)........
...........)@.......
...((......#########
....(......#
....###....# ....
####.# ... #.# #.


There were no monsters in sight!

Vanquished Creatures
  An orc wizard (D:4)
  Jessica (D:2)
  An adder (D:3)
  6 worms
  3 leopard geckos
  5 orcs
  2 bats (D:1)
  9 hobgoblins
  12 jackals
  A frilled lizard (D:2)
  8 goblins
  2 kobolds
  4 rats
55 creatures vanquished.

Notes
Turn   | Place    | Note
-------+----------+-------------------------------------------
     0 | D:1      | HessuHobo the Octopode Assassin began the quest for the Orb.
     0 | D:1      | Reached XP level 1. HP: 14/14 MP: 1/1
    46 | D:1      | Found a shattered altar of Ashenzari.
   279 | D:1      | Reached XP level 2. HP: 19/19 MP: 2/2
   385 | D:1      | Reached skill level 6 in Stealth
  1138 | D:2      | Reached XP level 3. HP: 24/24 MP: 3/3
  1201 | D:2      | HP: 1/24 [jackal (3)]
  1628 | D:2      | Noticed Robin
  1923 | D:2      | Noticed Jessica
  1925 | D:2      | Found a hazy altar of Hepliaklqana.
  1928 | D:2      | Killed Jessica
  1928 | D:2      | Reached XP level 4. HP: 30/30 MP: 4/4
  3333 | D:4      | Reached XP level 5. HP: 25/35 MP: 5/5
  3341 | D:4      | Reached skill level 7 in Stealth
  3342 | D:4      | Slain by an orc wizard

Skill      XL: |  1  2  3  4  5 |
---------------+----------------+-----
Stealth        | 6 7 |  7.1
Fighting       | |  2.8
Short Blades   | |  2.6
Throwing       | |  2.9
Dodging        | |  1.4

Action                   |  1- 3 |  4- 6 || total
-------------------------+-------+-------++-------
Melee: Dagger            |    61 |    38 ||    99
       Constrict         |    18 |    11 ||    29
       Tentacles         |     9 |     9 ||    18
 Fire: Blowgun           |    23 |     9 ||    32
  Use: Scroll            |     7 |     1 ||     8
       Potion            |       |     1 ||     1
 Stab: Sleeping          |     5 |     3 ||     8
       Distracted        |     1 |     1 ||     2
  Eat: Chunk             |     2 |     4 ||     6
       Beef jerky        |     1 |       ||     1
Armor: Skin              |     4 |     1 ||     5
Dodge: Dodged            |    39 |    19 ||    58
